 Dungeon Crawl Stone Soup version 0.26.1-11-gd32895ea62 (webtiles) character file.

Game seed: 13932998011790163458

6284 Almogavar the Carver (level 10, -8/92 HPs)
             Began as a Palentonga Berserker on July 17, 2021.
             Was an Elder of Trog.
             Mangled by a salamander (shapeshifter)
             ... wielding a +1 flail of protection
              (16 damage)
             ... on level 9 of the Dungeon.
             The game lasted 00:26:01 (8810 turns).

Almogavar the Carver (Palentonga Berserker)         Turns: 8810, Time: 00:26:02

Health: -8/92      AC: 23    Str: 24    XL:     10   Next: 63%
Magic:  10/10      EV:  9    Int:  7    God:    Trog [****..]
Gold:   461        SH:  5    Dex: 10    Spells: 9/9 levels left

rFire    x . .     SeeInvis +   a - +0 falchion
rCold    . . .     Faith    .   n - +1 buckler
rNeg     . . .     Spirit   .   h - +4 scale mail of the Untouchables {+Inv rF- Will+ rCorr}
rPois    +         Reflect  .   y - +2 helmet
rElec    .         Harm     .   r - +0 cloak
rCorr    +         Rampage  .   (no gloves)
Will     +....                  (no barding)
Stlth    +.........             u - amulet of Qifinace {Acrobat SInv Stlth+}
HPRegen  0.25/turn              C - ring of poison resistance
MPRegen  0.12/turn              O - ring of resist corrosion

@: berserk cooldown, slowed, studying Short Blades, curled up, very slow
A: large, rugged brown scales 3, see invisible, deformed body, roll 1, armoured
tail, reflexive curl
a: Rolling Charge, Renounce Religion, Evoke Invisibility, Berserk, Trog's Hand,
Brothers in Arms


You were on level 9 of the Dungeon.
You worshipped Trog.
Trog was greatly pleased with you.
You visited 1 branch of the dungeon, and saw 9 of its levels.

You collected 461 gold pieces.

Inventory:

Hand Weapons
 a - a +0 falchion (weapon)
Armour
 c - a +1 scale mail of cold resistance
 h - the +4 scale mail of the Untouchables (worn) {+Inv rF- Will+ rCorr}
   (You took it off a gnoll sergeant on level 5 of the Dungeon)

   It makes you vulnerable to fire.
   It affects your willpower, your defense against some magical effects.
   It lets you turn invisible.
   It provides partial protection from all sources of acid and corrosion.
 n - a +1 buckler (worn)
 r - a +0 cloak (worn)
 v - the +5 leather armour "Ivvuimipt" {rElec Will+}
   (You found it on level 4 of the Dungeon)

   It insulates you from electricity.
   It affects your willpower, your defense against some magical effects.
 x - a +0 kite shield
 y - a +2 helmet (worn)
 I - a +4 scale mail of fire resistance
Jewellery
 s - an uncursed amulet of reflection
 u - the amulet of Qifinace (around neck) {Acrobat SInv Stlth+}
   (You found it on level 4 of the Dungeon)

   [amulet of the acrobat]

   It helps you evade while moving and waiting.
   It lets you see invisible.
   It makes you more stealthy.
 C - a ring of poison resistance (left hand)
 L - an uncursed ring of fire
 O - a ring of resist corrosion (right hand)
Wands
 A - a wand of paralysis (5)
 B - a wand of flame (14)
 D - a wand of iceblast (12)
 M - a wand of disintegration (11)
Scrolls
 j - 2 scrolls of enchant armour
 k - 6 scrolls of remove curse
 l - 5 scrolls of teleportation
 o - 7 scrolls of fear
 p - a scroll of magic mapping
 t - a scroll of blinking {unknown}
 w - 3 scrolls of enchant weapon {unknown}
 E - a scroll of amnesia {unknown}
 G - a scroll of noise {unknown}
 K - a scroll of identify
 N - a scroll of random uselessness {unknown}
Potions
 b - 3 potions of flight
 d - a potion of resistance
 e - 2 potions of might
 f - a potion of cancellation
 g - 2 potions of haste
 i - 5 potions of curing
 m - 2 potions of lignification
 q - 3 potions of mutation
 z - 4 potions of attraction {unknown}
 J - a potion of brilliance {unknown}
Books
 F - a manual of Short Blades


   Skills:
 + Level 7.4 Fighting
 + Level 11.0 Long Blades
 + Level 7.1 Armour
 + Level 4.2 Dodging
 - Level 0.3 Stealth
 + Level 2.5 Shields


You had 9 spell levels left.
You didn't know any spells.
Your spell library was empty.

Dungeon Overview and Level Annotations

Branches:
Dungeon (9/15)             Temple (0/1) D:6
   Lair: D:8-11         Orc: D:9-12

Altars:
Ashenzari
Cheibriados
Dithmenos
Fedhas
Hepliaklqana
Makhleb
Okawaru
Trog
Zin
The Shining One


Innate Abilities, Weirdness & Mutations

You are completely covered in rugged brown scales. (AC +3, +7% HP)
You have supernaturally acute eyesight. (SInv)
Armour fits poorly on your strangely shaped body.
You can roll at nearby foes to attack.
You have a long armoured tail.
You curl defensively after being hit.


Message History

You hit the salamander.
Your tail-slap misses the salamander.
The salamander is heavily wounded.
You barely miss the salamander. You tail-slap the salamander!
The salamander is severely wounded.
The salamander hits you with a +1 flail of protection.
You are engulfed in flames!!
The fire burns you terribly!
You closely miss the salamander.
The salamander is severely wounded.
The salamander hits you but does no damage.
You hit the salamander but do no damage.
The salamander is severely wounded.
The salamander hits you with a +1 flail of protection.
* * * LOW HITPOINT WARNING * * *
You are engulfed in flames!!
The fire burns you terribly!
* * * LOW HITPOINT WARNING * * *
You feel better.
The salamander hits you with a +1 flail of protection!
* * * LOW HITPOINT WARNING * * *
You are engulfed in flames!
The fire burns you terribly!
You die...

# .# .+ ..# ####
#############.#
..)###.............#
.###....###....#@#.# ##+#
##....###....###N# ###..####
....###..).###..)..#.......#
..###....###.......#.<.....#
###....###....#.#..#.......#
#....### ...###. ..#.......#
...### .# .. ..#.......#
.### .. ..#.).....# ## ##.
..#......##


You could see a salamander shaped shifter.

Vanquished Creatures
  Harold (D:7)
  A two-headed ogre (D:7)
  A skeletal warrior (D:9)
  Pikel (D:7)
  The ghost of Ijustatesigmund the Cudgeller, a novice OpFi (D:5)
  Grinder (D:4)
  A wyvern (D:9)
  Duvessa (D:6)
  2 ice beasts (D:8)
  A necrophage (D:8)
  2 sky beasts
  An eye of draining (D:8)
  A centaur (D:7)
  3 phantoms
  8 ogres
  A lemure (D:7)
  A big kobold (D:8)
  2 bullfrogs
  3 gnoll sergeants (D:5)
  Dowan (D:6)
  A water moccasin zombie (D:8)
  A howler monkey (D:6)
  A bullfrog zombie (D:8)
  A quasit (D:9)
  3 hounds
  4 orc priests
  A gnoll shaman (D:5)
  A bullfrog skeleton (D:5)
  7 orc wizards
  8 worker ants
  A hound skeleton (D:7)
  Robin (D:4)
  5 adders
  7 gnolls (D:5)
  2 ufetubi (D:5)
  3 oozes
  3 worms
  2 dart slugs (D:1)
  3 leopard geckos
  32 orcs
  3 ball pythons
  11 bats
  11 giant cockroaches
  17 goblins
  10 hobgoblins
  11 jackals
  15 kobolds
  4 quokkas
  4 frilled lizards
  A quokka skeleton (D:7)
  2 quokka zombies
  7 rats
217 creatures vanquished.

Vanquished Creatures (others)
  An orc wizard (D:4)
  6 plants (D:5)
7 creatures vanquished.

Grand Total: 224 creatures vanquished

Notes
Turn   | Place    | Note
-------+----------+-------------------------------------------
     0 | D:1      | Almogavar the Palentonga Berserker began the quest for the
                  | Orb.
     0 | D:1      | Reached XP level 1. HP: 20/20 MP: 1/1
   108 | D:1      | Reached XP level 2. HP: 22/27 MP: 2/2
   694 | D:1      | Reached XP level 3. HP: 33/33 MP: 3/3
   708 | D:1      | Reached ** piety under Trog
  1735 | D:3      | Reached skill level 4 in Long Blades
  1735 | D:3      | Reached XP level 4. HP: 42/42 MP: 4/4
  2394 | D:3      | Reached *** piety under Trog
  2697 | D:4      | Got a pitted jade amulet
  2713 | D:4      | Got a crude leather armour
  2857 | D:4      | Reached XP level 5. HP: 49/49 MP: 5/5
  3015 | D:4      | Reached skill level 5 in Long Blades
  3146 | D:4      | Reached XP level 6. HP: 32/51 MP: 6/6
  3266 | D:4      | Noticed Grinder
  3266 | D:4      | Paralysed by Grinder for 5 turns
  3290 | D:4      | Killed Grinder
  3437 | D:4      | Noticed Robin
  3448 | D:4      | Killed Robin
  3465 | D:4      | Reached **** piety under Trog
  3517 | D:4      | Gained mutation: You curl defensively after being hit.
                  | [Palentonga growth]
  3517 | D:4      | Reached XP level 7. HP: 60/63 MP: 7/7
  3578 | D:4      | Reached skill level 6 in Long Blades
  4054 | D:4      | Found a broken altar of Ashenzari.
  4061 | D:4      | Found a snail-covered altar of Cheibriados.
  4063 | D:4      | Found a hazy altar of Hepliaklqana.
  4067 | D:4      | Found a glowing golden altar of the Shining One.
  4069 | D:4      | Found a glowing silver altar of Zin.
  4183 | D:4      | Found a shadowy altar of Dithmenos.
  4186 | D:4      | Found a burning altar of Makhleb.
  4189 | D:4      | Found an iron altar of Okawaru.
  4201 | D:4      | Identified the amulet of Qifinace {Acrobat SInv Stlth+}
                  | (You found it on level 4 of the Dungeon)
  4265 | D:5      | Entered Level 5 of the Dungeon
  4476 | D:5      | Identified the cursed +3 spear "Q" {pain, +Rage rElec}
  4476 | D:5      | Identified the +4 scale mail of the Untouchables {+Inv rF-
                  | Will+ rCorr}
  4492 | D:5      | Found a transporter.
  4498 | D:5      | Found a transporter.
  5006 | D:5      | Reached skill level 7 in Long Blades
  5023 | D:5      | Reached XP level 8. HP: 21/71 MP: 8/8
  5080 | D:5      | Noticed Ijustatesigmund's ghost (novice OpFi)
  5113 | D:5      | Killed Ijustatesigmund's ghost
  5114 | D:5      | Reached skill level 5 in Fighting
  5114 | D:5      | Reached skill level 5 in Armour
  5543 | D:5      | Identified the +5 leather armour "Ivvuimipt" {rElec Will+}
                  | (You found it on level 4 of the Dungeon)
  5645 | D:6      | Reached skill level 8 in Long Blades
  5835 | D:6      | Found a staircase to the Ecumenical Temple.
  6046 | D:6      | Noticed Dowan
  6051 | D:6      | Noticed Duvessa
  6061 | D:6      | Killed Duvessa
  6062 | D:6      | Reached XP level 9. HP: 79/79 MP: 9/9
  6063 | D:6      | Killed Dowan
  6534 | D:7      | Noticed Harold
  6757 | D:7      | Killed Harold
  6758 | D:7      | Reached skill level 9 in Long Blades
  6758 | D:7      | Reached skill level 1 in Shields
  7097 | D:7      | Found a blossoming altar of Fedhas.
  7282 | D:7      | Noticed Pikel
  7302 | D:7      | Killed Pikel
  7530 | D:7      | Reached skill level 10 in Long Blades
  7530 | D:7      | Reached XP level 10. HP: 64/89 MP: 10/10
  7675 | D:7      | Noticed a two-headed ogre
  7683 | D:7      | Killed a two-headed ogre
  8406 | D:8      | Noticed a moth of wrath
  8410 | D:8      | Found a bloodstained altar of Trog.
  8747 | D:9      | Noticed a skeletal warrior
  8766 | D:9      | Killed a skeletal warrior
  8775 | D:9      | Noticed a salamander
  8787 | D:9      | Reached skill level 11 in Long Blades
  8791 | D:9      | a salamander changed into a polar bear
  8801 | D:9      | Noticed a salamander
  8801 | D:9      | a shapeshifter changed into a salamander
  8810 | D:9      | Mangled by a salamander (shapeshifter)

Illustrated notes

Levels and vault maps discovered:
D:1:      amcnicky_arrival_double_pillar, layout_basic,
          chequers_serial_rivers_large_a, minmay_vboxes
D:2:      minmay_spotlight, layout_rooms
D:3:      layout_basic
D:4:      layout_loops_corners, minitemple, nicolae_overflow_hidden_temple,
          uniq_robin, uniq_grinder
D:5:      layout_loops_ring, gammafunk_ghost_gnarly_gnolls,
          kennysheep_crisscross
D:6:      layout_loops_ring, minmay_temple_entry_ruins, uniq_duvessa
D:7:      layout_basic, overflow_temple_1_default, uniq_harold, uniq_pikel
D:8:      layout_basic, tgw_trog
D:9:      minmay_tri_box, layout_gridville, nemelex_spade_bored_becter

Skill      XL: |  1  2  3  4  5  6  7  8  9 10 |
---------------+-------------------------------+-----
Armour         | 2 3 4 5 6 7 |  7.1
Long Blades    | 4 5 7 8 10 11 | 11.0
Dodging        | 2 3 4 |  4.2
Fighting       | 4 5 6 7 |  7.4
Shields        | 2 |  2.5
Stealth        | |  0.3

Action                   |  1- 3 |  4- 6 |  7- 9 | 10-12 || total
-------------------------+-------+-------+-------+-------++-------
Melee: Falchion          |   141 |   171 |   349 |   191 ||   852
       Tailslap          |    14 |    22 |    59 |    40 ||   135
Invok: Berserk           |       |     1 |     7 |     4 ||    12
       Trog's Hand       |       |     1 |     4 |     1 ||     6
 Abil: Rolling Charge    |    29 |    22 |    37 |    15 ||   103
  Use: Scroll            |       |     9 |     5 |       ||    14
       Potion            |       |       |     3 |     2 ||     5
Armor: Scale mail        |    88 |   100 |   158 |    99 ||   445
Dodge: Dodged            |    60 |    55 |   142 |   104 ||   361
Block: Buckler           |       |       |    40 |    40 ||    80
       Rpst.: Falchion   |    26 |    18 |    39 |    25 ||   108
